 Dungeon Crawl Stone Soup version 0.26-a0-52-gd53d4cd058 (webtiles) character file.

Game seed: 8038894609044891116

17936 vurker the Arsonist (level 11, -4/92 HPs)
             Began as a Demigod Fire Elementalist on June 6, 2020.
             Slain by a manticore (8 damage)
             ... on level 11 of the Dungeon.
             The game lasted 00:28:00 (18260 turns).

vurker the Arsonist (Demigod Fire Elementalist)    Turns: 18260, Time: 00:28:01

Health: -4/92      AC: 13    Str: 11    XL:     11   Next: 97%
Magic:  13/38      EV: 12    Int: 25    God:
Gold:   681        SH:  0    Dex: 16    Spells: 19/29 levels left

rFire    . . .     SeeInvis .   j - +2 dagger (speed)
rCold    . . .     Gourm    .   (no shield)
rNeg     . . .     Faith    .   H - +2 robe {Archmagi}
rPois    .         Spirit   .   o - +0 helmet (curse)
rElec    .         Reflect  .   (no cloak)
rCorr    .         Harm     .   B - +1 pair of gloves
MR       +....                  c - +1 pair of boots
Stlth    ++........             (no amulet)
HPRegen  0.25/turn              i - ring of magical power
MPRegen  0.26/turn              x - +4 ring of protection

@: barbed spikes
A: high mp 1
a: no special abilities


You were on level 11 of the Dungeon.
You were near starving.

You visited 1 branch of the dungeon, and saw 11 of its levels.

You collected 681 gold pieces.

Inventory:

Hand Weapons
 j - a +2 dagger of speed (weapon)
   (You took it off an orc on level 6 of the Dungeon)
Missiles
 u - a throwing net (quivered)
Armour
 a - a +2 kite shield
   (You found it on level 9 of the Dungeon)
 c - a +1 pair of boots (worn)
   (You found it on level 4 of the Dungeon)
 o - a cursed +0 helmet (worn)
   (You found it on level 7 of the Dungeon)
 y - a +0 cloak
   (You took it off Maurice on level 10 of the Dungeon)
 B - a +1 pair of gloves (worn)
   (You found it on level 9 of the Dungeon)
 H - a +2 robe of the Archmagi (worn)
   (You took it off an orc wizard on level 8 of the Dungeon)
 I - a +2 robe of cold resistance
   (You took it off Fannar on level 10 of the Dungeon)
 M - the +6 chain mail "Xoanif" {Int+4}
   (You took it off an orc on level 10 of the Dungeon)

   It affects your intelligence (+4).
Magical Staves
 J - an uncursed staff of cold
   (You took it off Fannar on level 10 of the Dungeon)
Jewellery
 i - a ring of magical power (left hand)
   (You found it on level 2 of the Dungeon)
 x - a +4 ring of protection (right hand)
   (You found it on level 8 of the Dungeon)
 G - an uncursed ring of protection from cold
   (You found it on level 9 of the Dungeon)
Wands
 t - a wand of flame (35)
   (You found it on level 4 of the Dungeon)
 w - a wand of enslavement (8)
   (You found it on level 5 of the Dungeon)
Scrolls
 d - 4 scrolls of immolation
 f - 3 scrolls of remove curse
 g - 2 scrolls of amnesia
 k - a scroll of teleportation
 m - a scroll of torment {unknown}
 p - a scroll of random uselessness {unknown}
 z - a scroll of silence {unknown}
 A - a scroll of blinking {unknown}
 C - a scroll of acquirement {unknown}
 D - a scroll of holy word {unknown}
 F - a scroll of fog
 N - a scroll of enchant armour
Potions
 b - 2 potions of flight
 h - 4 potions of lignification
 l - a potion of mutation
 n - 2 potions of curing
 q - 3 potions of ambrosia
 r - 3 potions of brilliance
 s - a potion of haste
 v - a potion of cancellation {unknown}
 E - a potion of might {unknown}
 L - 2 potions of heal wounds {unknown}
 O - a potion of berserk rage {unknown}
Comestibles
 e - 12 rations


   Skills:
 + Level 7.2 Fighting
 - Level 1.7 Dodging
 - Level 1.7 Stealth
 * Level 9.6 Spellcasting
 + Level 9.8 Conjurations
 + Level 10.2 Fire Magic


You had 19 spell levels left.
You knew the following spells:

 Your Spells              Type           Power        Failure   Level  Hunger
a - Foxfire               Conj/Fire      ####         1%          1    None
q - Sticky Flame          Conj/Fire      #######.     1%          4    #......
z - Fireball              Conj/Fire      #######...   2%          5    ####...

Your spell library contained the following spells:

 Spells                   Type           Power        Failure   Level  Hunger
 Shock                    Conj/Air       ####         1%          1    None
 Conjure Flame            Conj/Fire      #######.     1%          3    None
 Inner Flame              Hex/Fire       ######..     1%          3    None
 Static Discharge         Conj/Air       ######..     1%          3    None
 Swiftness                Chrm/Air       ###.....     8%          2    None
 Lightning Bolt           Conj/Air       ######....   19%         5    ####...
 Airstrike                Air            ###.......   45%         4    #......


Dungeon Overview and Level Annotations

Branches:
Dungeon (11/15)            Temple (0/1) D:7            Lair (0/6) D:10
    Orc (0/2) D:10


Innate Abilities, Weirdness & Mutations

You have an increased reservoir of magic. (+10% MP)


Message History

You feel a surge of power!
You conjure some foxfire!
The orc warrior hits you from afar with a +0 glaive.
* * * LOW HITPOINT WARNING * * *
The foxfire hits the orc warrior.
You kill the orc warrior!
You are near starving!
A manticore comes into view.
The manticore flicks its tail.
The volley of spikes hits you.
The barbed spikes become lodged in your body.
* * * LOW HITPOINT WARNING * * *
Things that are here:
a +0 glaive; a +0 plate armour You feel a surge of power!
You conjure some foxfire!
You feel a surge of power!
You conjure some foxfire!
The foxfire hits the manticore but does no damage.
The foxfire hits the manticore.
The manticore flicks its tail.
The volley of spikes hits you!
The barbed spikes become lodged in your body.
* * * LOW HITPOINT WARNING * * *
You feel a surge of power!
You conjure some foxfire!
You feel a surge of power!
Nothing appears to happen.
The foxfire hits the manticore. x2
The manticore flicks its tail.
The volley of spikes hits you!
The barbed spikes become lodged in your body.
* * * LOW HITPOINT WARNING * * *
Okay, then.
You feel a surge of power!
You conjure some foxfire!
You feel a surge of power!
Nothing appears to happen.
The foxfire hits the manticore.
The foxfire hits the manticore but does no damage.
Aim: a manticore (moderately wounded)
You feel a surge of power!
The sticky flame hits the manticore!
The manticore is covered in liquid flames!
The manticore burns!
The manticore bites you!
* * * LOW HITPOINT WARNING * * *
The manticore claws you.
* * * LOW HITPOINT WARNING * * *
The manticore closely misses you.
You feel a surge of power!
You conjure some foxfire!
The manticore burns!
The manticore bites you.
* * * LOW HITPOINT WARNING * * *
The manticore barely misses you. x2
You feel a surge of power!
You conjure some foxfire!
The manticore burns!
The foxfire hits the manticore.
The manticore closely misses you.
The manticore claws you but does no damage.
The manticore claws you!
You die...

# #. ####### #. #.
#.....# ..###.##
#..#### #..#...###
#.##
#.......######v###
#.............v@.##
##......##....###H.###
#..#...# ###.## ##.).#
...##..# #..#
##)......
....#..####.## #......
##..ยง#..##..# ......
###..#...#..# ...##
#....<...## ..##
##..))...## .#


You could see a manticore (burning).

Vanquished Creatures
  Fannar (D:10)
  Harold (D:9)
  5 two-headed ogres
  An orc knight (D:10)
  A wolf spider (D:9)
  An ugly thing (D:11)
  A cyclops (D:11)
  Maurice (D:10)
  3 gargoyles
  Grinder (D:4)
  4 trolls
  3 hippogriffs (D:11)
  16 yaks
  A wyvern (D:10)
  Grum (D:10)
  A hungry ghost (D:9)
  A soldier ant (D:11)
  3 porcupines (D:10)
  A water moccasin (D:11)
  5 sky beasts
  8 orc warriors
  5 ice beasts
  A black bear (D:8)
  A necrophage (D:11)
  A phantom (D:9)
  3 wolves (D:10)
  An eye of draining (D:11)
  2 ogres
  2 crocodiles (D:10)
  6 centaurs
  Blork the orc (D:4)
  4 bullfrogs
  A water moccasin zombie (D:7)
  8 scorpions
  2 crimson imps (D:6)
  3 centaur zombies
  A quasit (D:7)
  A bullfrog zombie (D:5)
  8 orc priests
  2 hounds
  3 iguanas
  5 jellies
  8 orc wizards
  2 bullfrog skeletons
  A centaur skeleton (D:4)
  Terence (D:3)
  9 worker ants
  A hound zombie (D:11)
  6 adders
  12 gnolls
  2 shadow imps
  5 oozes (D:8)
  4 worms
  2 adder skeletons
  2 adder zombies
  A dart slug (D:1)
  6 leopard geckos
  51 orcs
  A ball python (D:4)
  5 giant cockroaches
  7 goblins
  6 hobgoblins
  10 jackals
  13 kobolds
  3 quokkas
  11 bats
  6 frilled lizards
  A jackal skeleton (D:6)
  A rat (D:1)
298 creatures vanquished.

Vanquished Creatures (collateral kills)
  2 crimson imps (D:6)
  A rat (D:3)
3 creatures vanquished.

Vanquished Creatures (others)
  A worker ant (D:8)
  An orc (D:8)
  A bat (D:2)
  1460 foxfires
  4 fungi (D:10)
1467 creatures vanquished.

Grand Total: 1768 creatures vanquished

Notes
Turn   | Place    | Note
-------+----------+-------------------------------------------
     0 | D:1      | vurker the Demigod Fire Elementalist began the quest for
                  | the Orb.
     0 | D:1      | Reached XP level 1. HP: 14/14 MP: 5/5
    92 | D:1      | You fall into a shaft and drop 1 floor!
    94 | D:2      | Reached skill level 1 in Conjurations
   438 | D:1      | Reached XP level 2. HP: 20/20 MP: 2/7
   838 | D:1      | Reached skill level 3 in Fire Magic
  1430 | D:2      | Reached XP level 3. HP: 27/27 MP: 1/9
  1694 | D:2      | Reached skill level 1 in Fighting
  1697 | D:2      | Reached XP level 4. HP: 32/35 MP: 2/10
  1930 | D:2      | Found a glowing golden altar of the Shining One.
  1939 | D:2      | Found a basalt altar of Yredelemnul.
  1941 | D:2      | Noticed a profane servitor
  2372 | D:3      | Noticed Terence
  2748 | D:3      | Learned a level 4 spell: Sticky Flame
  2913 | D:3      | Reached XP level 5. HP: 28/40 MP: 10/12
  3184 | D:3      | Noticed a centaur
  3294 | D:3      | Killed a centaur
  3644 | D:3      | Killed Terence
  3644 | D:3      | Reached skill level 4 in Fire Magic
  4264 | D:4      | Learned a level 5 spell: Fireball
  4316 | D:4      | Reached XP level 6. HP: 39/48 MP: 14/14
  4839 | D:4      | Noticed Grinder
  4852 | D:4      | Killed Grinder
  4852 | D:4      | Reached XP level 7. HP: 48/56 MP: 16/16
  4974 | D:4      | Noticed Blork the orc
  4984 | D:4      | Killed Blork the orc
  5228 | D:5      | Entered Level 5 of the Dungeon
  5606 | D:5      | Found a shattered altar of Ashenzari.
  5636 | D:5      | Reached skill level 5 in Fire Magic
  7124 | D:6      | Reached XP level 8. HP: 51/63 MP: 18/18
  7225 | D:6      | Reached skill level 5 in Conjurations
  7746 | D:6      | Reached skill level 5 in Spellcasting
  7868 | D:6      | Reached skill level 6 in Fire Magic
  9061 | D:7      | Found a staircase to the Ecumenical Temple.
  9149 | D:7      | Found a blossoming altar of Fedhas.
  9151 | D:7      | Found an iron altar of Okawaru.
  9153 | D:7      | Found a white marble altar of Elyvilon.
  9588 | D:8      | Noticed a two-headed ogre
  9599 | D:8      | Killed a two-headed ogre
  9599 | D:8      | Reached skill level 7 in Fire Magic
  9599 | D:8      | Reached XP level 9. HP: 19/72 MP: 21/21
  9983 | D:8      | Noticed a two-headed ogre
  9996 | D:8      | Killed a two-headed ogre
 10430 | D:8      | Found a radiant altar of Vehumet.
 11468 | D:9      | Noticed Harold
 11475 | D:9      | Noticed a two-headed ogre
 11507 | D:9      | Killed a two-headed ogre
 11507 | D:9      | Reached skill level 5 in Fighting
 11507 | D:9      | Reached XP level 10. HP: 55/81 MP: 23/24
 11519 | D:9      | Killed Harold
 11519 | D:9      | Reached skill level 8 in Fire Magic
 11835 | D:9      | Found a bloodstained altar of Trog.
 11994 | D:9      | Noticed a two-headed ogre
 12016 | D:9      | Killed a two-headed ogre
 12190 | D:9      | Noticed a two-headed ogre
 12200 | D:9      | Killed a two-headed ogre
 12649 | D:9      | Noticed a wolf spider
 13508 | D:9      | Reached skill level 9 in Fire Magic
 13926 | D:9      | Found a bloodstained altar of Trog.
 14084 | D:10     | Entered Level 10 of the Dungeon
 14090 | D:10     | Noticed Fannar
 14103 | D:10     | Killed Fannar
 14103 | D:10     | Reached XP level 11. HP: 25/89 MP: 18/27
 14529 | D:10     | Noticed Grum
 14818 | D:10     | Killed Grum
 15421 | D:10     | Found a staircase to the Lair.
 15804 | D:10     | Found a roughly hewn altar of Beogh.
 15804 | D:10     | Found a staircase to the Orcish Mines.
 16227 | D:10     | Noticed an orc knight
 16245 | D:10     | Killed an orc knight
 16308 | D:10     | Identified the +6 chain mail "Xoanif" {Int+4}
 16601 | D:10     | Noticed Maurice
 16608 | D:10     | Killed Maurice
 16907 | D:11     | Reached skill level 10 in Fire Magic
 18259 | D:11     | HP: 4/92 [manticore (6)]
 18260 | D:11     | Slain by a manticore

Illustrated notes

Levels and vault maps discovered:
D:1:      dpeg_arrival_oval, layout_basic, hangedman_decor_riveting
D:2:      layout_basic, grunt_temple_overflow_holy_war, first_ration,
          minmay_misc_feat_four_crosses
D:3:      layout_loops_ring, uniq_terence
D:4:      cheibrodos_old_hovel, layout_rooms, kennysheep_donut, uniq_grinder,
          uniq_blork_the_orc
D:5:      layout_loops_corners, ashenzari_conservatory_becter
D:6:      layout_basic
D:7:      layout_gridville, grunt_temple_overflow_open, temple_fountains
D:8:      layout_loops_ring, fiery_altar_vehumet,
          hangedman_little_slice_of_home, columned_hall_lemuel,
          grunt_decor_arrowhead
D:9:      minmay_the_grid_triangle_9x9_rhombus_thin
          [minmay_the_grid_triangle_9x9_corrupted_corridor,
          minmay_the_grid_triangle_9x9_prize_top_heavy,
          minmay_the_grid_triangle_9x9_wacky_v,
          minmay_the_grid_triangle_9x9_warning], layout_basic, bloody_trog,
          uniq_harold
D:10:     layout_big_octagon, due_lair_maze_entry_diamond, david_orc_5,
          uniq_fannar, uniq_grum, uniq_maurice
D:11:     layout_layer_cave, xom_shifter_show

Skill      XL: |  1  2  3  4  5  6  7  8  9 10 11 |
---------------+----------------------------------+-----
Conjurations   | 1 2 3 4 6 7 8 9 |  9.8
Spellcasting   | 2 3 4 6 7 8 9 |  9.6
Fire Magic     | 3 4 5 7 9 10 | 10.2
Fighting       | 1 2 3 4 5 6 7 |  7.2
Dodging        | |  1.7
Stealth        | |  1.7

Action                   |  1- 3 |  4- 6 |  7- 9 | 10-12 || total
-------------------------+-------+-------+-------+-------++-------
Melee: Short sword       |     1 |    14 |    46 |       ||    61
       Dagger            |       |       |   171 |     5 ||   176
 Cast: Foxfire           |    60 |   149 |   293 |   490 ||   992
       Sticky Flame      |       |       |    16 |    66 ||    82
       Fireball          |       |       |       |     5 ||     5
Evoke: Wand              |       |       |     4 |     2 ||     6
  Use: Scroll            |       |       |    15 |     2 ||    17
  Eat: Chunk             |     3 |     7 |    21 |    17 ||    48
       Ration            |       |     1 |       |     2 ||     3
Armor: Robe              |     1 |     8 |    80 |    45 ||   134
Dodge: Dodged            |     5 |    61 |   160 |    83 ||   309

Table legend:
 A = Non-vault XP
 B = Vault XP
 C = Vault XP percentage of total XP
 D = Non-vault monster count
 E = Vault monster count
 F = Vault count percentage of total count
                 A         B        C        D         E       F
            +---------+---------+-------+---------+---------+-------
      Total |   16834 |    8790 |  34.3 |     241 |      60 |  19.9
            +---------+---------+-------+---------+---------+-------
        D:1 |      40 |       0 |   0.0 |      21 |       0 |   0.0
        D:2 |     132 |       0 |   0.0 |      32 |       0 |   0.0
        D:3 |     224 |      38 |  14.5 |      20 |       1 |   4.8
        D:4 |     208 |     394 |  65.4 |       9 |       3 |  25.0
        D:5 |     719 |       0 |   0.0 |      25 |       0 |   0.0
        D:6 |     808 |       0 |   0.0 |      24 |       0 |   0.0
        D:7 |     632 |       0 |   0.0 |      17 |       0 |   0.0
        D:8 |    2394 |     163 |   6.4 |      18 |       8 |  30.8
        D:9 |    2671 |    3966 |  59.8 |      13 |      13 |  50.0
       D:10 |    4341 |    4229 |  49.3 |      28 |      35 |  55.6
       D:11 |    4665 |       0 |   0.0 |      34 |       0 |   0.0
            +---------+---------+-------+---------+---------+-------
